 Dungeon Crawl Stone Soup version 0.28-a0-655-g4eb62b627b (webtiles) character file.

Game seed: 14221606671996169065

922 bande the Chopper (level 8, -5/49 HPs)
             Began as a Gargoyle Fighter on Oct 12, 2021.
             Slain by Menkaure (13 damage)
             ... on level 5 of the Dungeon.
             The game lasted 00:08:11 (4792 turns).

bande the Chopper (Gargoyle Fighter)                Turns: 4792, Time: 00:08:12

Health: -5/49      AC: 15    Str: 22    XL:     8   Next: 10%
Magic:  8/8        EV:  8    Int:  8    God:
Gold:   110        SH:  4    Dex: 10    Spells: 7/7 levels left

rFire   . . .      SeeInvis .   a - +0 war axe
rCold   . . .      Faith    .   c - +0 buckler
rNeg    + . .      Spirit   .   m - +0 chain mail
rPois   ∞          Reflect  .   (no helmet)
rElec   +          Harm     .   (no cloak)
rCorr   .          Rampage  .   (no gloves)
Will    .....                   (no boots)
Stlth   ..........              (no amulet)
HPRegen 0.16/turn               (no ring)
MPRegen 0.11/turn               (no ring)

@: no status effects
A: sickness immunity, AC +5, negative energy resistance 1, electricity
resistance, torment resistance 1, petrification resistance
a: no special abilities


You were on level 5 of the Dungeon.
You visited 1 branch of the dungeon, and saw 5 of its levels.

You collected 110 gold pieces.

Inventory:

Hand Weapons
 a - a +0 war axe (weapon)
 g - a +0 war axe
 h - a +0 flail of pain
Armour
 c - a +0 buckler (worn)
 m - a +0 chain mail (worn)
Jewellery
 e - a ring of fire
 i - an amulet of the acrobat
Scrolls
 k - 2 scrolls of identify
Potions
 j - a potion of haste
 l - a potion of ambrosia


   Skills:
 + Level 5.1 Fighting
 + Level 6.0 Axes
 + Level 5.8 Armour
 - Level 0.1 Dodging
 + Level 4.5 Shields


You had 7 spell levels left.
You didn't know any spells.
Your spell library contained the following spells:

 Spells                   Type           Power      Damage    Failure   Level
 Slow                     Hex            0%         N/A       99%         2
 Confusing Touch          Hex            0%         N/A       100%        3
 Vampiric Draining        Necr           0%         2d6       100%        3


Dungeon Overview and Level Annotations

Branches:
Dungeon (5/15)
 Temple: D:4-7

Altars:
Ashenzari
Trog
Uskayaw

Annotations:
D:5 Menkaure


Innate Abilities, Weirdness & Mutations

You are immune to sickness and miasma.
Your stone body is resilient. (AC +5)
You are immune to poison.
You resist negative energy. (rN+)
You are resistant to electric shocks. (rElec)
You are resistant to unholy torment.
You are immune to petrification.


Message History

The centaur zombie barely misses you.
The centaur zombie kicks you but does no damage.
You completely miss the centaur zombie.
The centaur zombie is severely damaged.
The centaur zombie hits you.
* * * LOW HITPOINT WARNING * * *
You block the centaur zombie's attack. x2
The centaur zombie barely misses you.
You hit the centaur zombie.
The centaur zombie is almost destroyed.
The centaur zombie hits you but does no damage.
You block the centaur zombie's attack.
You hit the centaur zombie but do no damage.
The centaur zombie is almost destroyed.
The centaur zombie hits you but does no damage.
The centaur zombie completely misses you.
You block the centaur zombie's attack. x2
You hit the centaur zombie.
The centaur zombie is almost destroyed.
The centaur zombie hits you but does no damage.
The centaur zombie closely misses you. The centaur zombie misses you.
The centaur zombie kicks you but does no damage.
You slash the centaur zombie!
You destroy the centaur zombie!
Your Axes skill increases to level 6!
You hear the slow rusting of a distant drain.
Menkaure, Prince of Dust comes into view.
You feel much better.
Menkaure casts a spell.
Menkaure seems to speed up.
Menkaure closely misses you.
You slash Menkaure!
Menkaure is heavily damaged.
Menkaure hits you!!
* * * LOW HITPOINT WARNING * * *
Menkaure hits you but does no damage.
You slash Menkaure!
Menkaure is severely damaged.
Menkaure hits you!
You die...

########## #........#
#........+ #
#........###.#
#.....M......#
#.....@.....#
#........#.....#
#........+.....
#........#.... ######
#........#... #.....
#........#..######.####
####...###......##.# #
###...###......##.# ##
#.................# #.


You could see Menkaure (fast).

Vanquished Creatures
  Sigmund (D:2)
  Duvessa (D:4)
  An ogre (D:5)
  Blork the orc (D:4)
  A scorpion (D:4)
  Dowan (D:4)
  A water moccasin skeleton (D:4)
  A centaur zombie (D:5)
  An orc priest (D:4)
  Jessica (D:3)
  An orc wizard (D:4)
  A killer bee zombie (D:4)
  6 gnolls
  2 howler monkey skeletons (D:4)
  7 adders
  An ufetubus (D:4)
  4 dart slugs
  4 orcs (D:3)
  5 bats
  6 endoplasms
  A giant cockroach (D:3)
  8 goblins
  7 hobgoblins
  4 quokkas
  4 ball pythons
  7 frilled lizards
  10 kobolds
  8 rats
96 creatures vanquished.

Notes
Turn   | Place    | Note
-------+----------+-------------------------------------------
     0 | D:1      | bande the Gargoyle Fighter began the quest for the Orb.
     0 | D:1      | Reached XP level 1. HP: 14/14 MP: 1/1
    85 | D:1      | Reached XP level 2. HP: 19/19 MP: 2/2
   874 | D:2      | Reached skill level 2 in Axes
   950 | D:2      | Reached XP level 3. HP: 21/23 MP: 3/3
  1042 | D:2      | HP: 1/24 [gnoll (2)]
  1046 | D:2      | Reached XP level 4. HP: 2/29 MP: 4/4
  1639 | D:2      | Found a bloodstained altar of Trog.
  1710 | D:2      | Noticed Sigmund
  1720 | D:2      | Killed Sigmund
  1721 | D:2      | Reached skill level 3 in Axes
  1721 | D:2      | Reached XP level 5. HP: 29/33 MP: 5/5
  1827 | D:2      | Reached XP level 6. HP: 36/38 MP: 6/6
  2163 | D:3      | Reached skill level 4 in Axes
  2399 | D:3      | Noticed Jessica
  2413 | D:3      | Killed Jessica
  2758 | D:3      | Found a broken altar of Ashenzari.
  2998 | D:3      | Found a hide-covered altar of Uskayaw.
  3325 | D:4      | Reached XP level 7. HP: 22/44 MP: 7/7
  3496 | D:4      | Reached skill level 5 in Axes
  3496 | D:4      | Reached skill level 5 in Armour
  3649 | D:4      | Noticed Duvessa
  3649 | D:4      | Noticed Dowan
  3666 | D:4      | Killed Dowan
  3669 | D:4      | Killed Duvessa
  4338 | D:4      | Noticed Blork the orc
  4346 | D:4      | Killed Blork the orc
  4347 | D:4      | Reached skill level 5 in Fighting
  4729 | D:5      | Entered Level 5 of the Dungeon
  4745 | D:5      | Reached XP level 8. HP: 8/49 MP: 8/8
  4775 | D:5      | Reached skill level 6 in Axes
  4785 | D:5      | Noticed Menkaure
  4792 | D:5      | Slain by Menkaure

Illustrated notes

Levels and vault maps discovered:
D:1:      heliophobic_arrival_battle_scene, layout_basic
D:2:      layout_loops_ring, basic_altar, uniq_sigmund
D:3:      layout_basic, nicolae_overflow_hidden_temple,
          nicolae_uskayaw_dance_hall, uniq_jessica
D:4:      layout_gridville, uniq_duvessa, uniq_blork_the_orc
D:5:      layout_basic, mainiacjoe_overflow_catch_the_wave,
          minmay_temple_entry_grid, portal_sewer_entry_e, uniq_menkaure

Skill      XL: |  1  2  3  4  5  6  7  8 |
---------------+-------------------------+-----
Axes           | 2 3 4 5 6 |  6.0
Armour         | 4 5 |  5.8
Fighting       | 4 5 |  5.1
Shields        | 4 |  4.5
Dodging        | |  0.1

Action                   |  1- 3 |  4- 6 |  7- 9 || total
-------------------------+-------+-------+-------++-------
Melee: War axe           |    90 |   182 |    72 ||   344
  Use: Scroll            |       |     3 |     4 ||     7
       Potion            |       |       |     3 ||     3
Armor: Scale mail        |    41 |    97 |    27 ||   165
       Chain mail        |       |       |    11 ||    11
Dodge: Dodged            |    43 |    91 |    31 ||   165
Block: Buckler           |    12 |    49 |    22 ||    83

Table legend: (Time is in decaauts)
 A = Elapsed time spent in this place.
 B = Non-inter-level travel time spent in this place.
 C = Inter-level travel time spent in this place.
 D = Time resting spent in this place.
 E = Time spent auto-exploring this place.
 F = Levels seen in this place.
 G = Mean time per level.
                   A        B        C        D        E       F      G
               +--------+--------+--------+--------+--------+-----+--------+
         Total |   4903 |   4903 |      0 |   1140 |   2757 |   5 |  980.6 |
       Dungeon |   4903 |   4903 |      0 |   1140 |   2757 |   5 |  980.6 |
               +--------+--------+--------+--------+--------+-----+--------+

Top non-repeatable levels by time:
     D:3: 1381 daAuts
     D:4: 1306 daAuts
     D:2: 1268 daAuts
     D:1: 880 daAuts
     D:5: 65 daAuts
